 BcadrenCrawl: Boulder Brew version 0.04.2-14-g97babad5ff (webtiles) character file.

Game seed: 11601421065871482937, levelgen mode: deterministic

1620 diana the Carver (level 9, -17/63 HPs) Formicid Gladiator. Began on May 8, 2021. Demolished by an ogre ... wielding a +0 giant club (31 damage) ... on level 4 of the Dungeon. The game lasted 00:12:08 (4388 turns).

diana the Carver (Formicid Gladiator)               Turns: 4388, Time: 00:12:08

Health: -17/63     AC:  3    Str: 23    XL:     9 ^: 1594
Magic:  10/10      EV: 12    Int:  7    God:
Gold:   180        SH:  0    Dex: 12    Spells: 6/8 levels left

rFire    . . .     Vision   +   a - +0 long sword
rCold    . . .     Gourm    .   (no weapon)
rNeg     . . .     Faith    .   b - +0 leather armour
rPois    .         Spirit   .   (helmet unavailable)
rElec    .         Reflect  .   (no cloak)
rCorr    .         Harm     .   (no gloves)
MR       .....                  (no boots)
Stlth    +.........             (no amulet)
HPRegen  0.31/turn              (no ring)
MPRegen  0.20/turn              (no ring)

@: no status effects
A: permanent stasis, dig shafts and tunnels, four strong arms, antennae 3
a: Dig, Shaft Self


You were on level 4 of the Dungeon.
You were not hungry.

You visited 1 branch of the dungeon, and saw 4 of its levels.

You collected 180 gold pieces.

Inventory:

Weapons
 a - a +0 long sword (weapon)
Armour
 b - a +0 leather armour (worn)
Jewellery
 h - an uncursed ring of resist corrosion
 k - an uncursed ring of wizardry
Wands
 c - a wand of ensnaring (9)
Scrolls
 e - 2 scrolls of amnesia
 g - 2 scrolls of enchantment
 j - 2 scrolls of fear
 l - a scroll of fog
 o - a scroll of bless item
 q - a scroll of magic mapping
 r - 2 scrolls of acquirement
Potions
 f - 2 potions of brilliance
 i - a potion of cure mutation
 m - a potion of heal wounds
 n - a potion of agility
 p - 2 potions of curing
 s - a potion of might
Comestibles
 d - 7 rations


   Skills:
 - Level 3.1 Fighting
 + Level 11.1 Long Blades
 - Level 2.6 Dodging
 - Level 2.1 Evocations


You had 6 spell levels left.
You knew the following spells:

 Your Spells              Type           Power        Failure   Level  Hunger
a - Song of Slaying       Chrm           0 (100)      58%         2    ###....

Your spell library contained the following spells:

 Spells                   Type           Power        Failure   Level  Hunger
 Infusion                 Chrm           0 (25)       45%         1    ##.....
 Shroud of Golubria       Chrm/Tloc      0 (200)      58%         2    ###....
 Regeneration             Chrm/Necr      0 (200)      83%         3    ####...
 Spectral Weapon          Chrm/Summ      0 (100)      83%         3    ####...


Dungeon Overview and Level Annotations

Branches:
Dungeon (4/8)
 Temple: D:4

Altars:
Elyvilon
Xom

Shops:
D:3 [   D:4 ?

Annotations:
D:3 Edmund


Innate Abilities, Weirdness & Mutations

You cannot be hasted, slowed, berserked, paralysed or teleported.
You can dig through walls and to a lower floor.
Your four strong arms can wield two-handed weapons with a shield.
You have a pair of large antennae on your head. (+Vis)


Message History

Ouch! That really hurt!
* * * LOW HITPOINT WARNING * * *
You are too injured to fight recklessly!
You are too injured to fight recklessly!
You are too injured to fight recklessly!
You are too injured to fight recklessly!
You are too injured to fight recklessly!
You are too injured to fight recklessly!
You are too injured to fight recklessly!
You are too injured to fight recklessly!
You are too injured to fight recklessly!
You are too injured to fight recklessly!
You are too injured to fight recklessly!
You are too injured to fight recklessly!
You are too injured to fight recklessly!
You are too injured to fight recklessly!
The ogre blocks your attack.
You hit the ogre but do no damage.
The ogre is heavily wounded. (13/28) HP The ogre hits you with a +0 giant club (31)!!
You die...

####### ....... ############
....... #......$...# .......
####..........###
.....).##...%............
#......O@.##..........#
+......#####..........#
#...... #......†...# ..#####
#########.## . #.....#
######.######## ###+#######
#.........<...#
#.........####.............#
#.........##....{......b.{.#


You could see an ogre.

Vanquished Creatures
  Purgy (D:2)
  2 porcupines
  3 ogres
  3 big kobolds (D:2)
  A bullfrog (D:4)
  5 killer bees (D:3)
  A crimson imp (D:4)
  A hound (D:4)
  5 jellies (D:2)
  A merfolk avatar (D:2)
  A worker ant (D:3)
  5 giant cockroaches
  2 bullfrog skeletons (D:4)
  5 adders
  A gnoll (D:2)
  6 sewer rats (D:2)
  9 cinder newts
  4 worms
  8 leopard geckos
  5 bats
  2 cinder newt skeletons (D:2)
  15 jackals
  18 kobolds
  A quokka (D:3)
  3 ball pythons
  4 bat skeletons (D:2)
  5 goblins (D:1)
  A goblin skeleton (D:2)
  A leopard gecko skeleton (D:3)
  4 rats
  7 withered plants (D:2)
130 creatures vanquished.

Vanquished Creatures (others)
  A bat (D:2)
  73 withered plants (D:2)
74 creatures vanquished.

Grand Total: 204 creatures vanquished

Notes
Turn   | Place    | Note
-------+----------+-------------------------------------------
     0 | D:1      | diana the Formicid Gladiator began the quest for the Orb.
     0 | D:1      | Reached XP level 1. HP: 16/16 MP: 2/2
   106 | D:1      | Reached XP level 2. HP: 23/23 MP: 3/3
   138 | D:1      | Reached XP level 3. HP: 29/29 MP: 4/4
   391 | D:1      | Reached skill level 4 in Long Blades
   924 | D:2      | Connectivity tunneler affected tgw_xom.
   924 | D:2      | Connectivity tunneler affected tgw_xom.
   978 | D:2      | Reached XP level 4. HP: 35/35 MP: 5/5
  1011 | D:2      | Noticed a big kobold
  1059 | D:2      | Killed a big kobold
  1059 | D:2      | Reached skill level 5 in Long Blades
  1059 | D:2      | Reached XP level 5. HP: 21/41 MP: 6/6
  1248 | D:2      | Identified the cursed ring "Xadau" {rN+ EV+5 Int-2 Dex+4,
                  | (Curse: Fragile)}
  1254 | D:2      | Reached XP level 6. HP: 41/47 MP: 7/7
  1264 | D:2      | Reached skill level 6 in Long Blades
  1645 | D:2      | Reached skill level 7 in Long Blades
  1645 | D:2      | Reached XP level 7. HP: 39/52 MP: 8/8
  1650 | D:2      | Found a white marble altar of Elyvilon.
  1873 | D:2      | Noticed Purgy
  1884 | D:2      | Killed Purgy
  2179 | D:2      | Reached skill level 8 in Long Blades
  3032 | D:2      | Found a shimmering altar of Xom.
  3414 | D:3      | Noticed Edmund
  3527 | D:3      | Reached XP level 8. HP: 58/58 MP: 9/9
  3588 | D:3      | Reached skill level 9 in Long Blades
  3837 | D:3      | Identified 3 scrolls of acquirement
  3896 | D:3      | Reached skill level 10 in Long Blades
  3928 | D:3      | Learned a level 2 spell: Song of Slaying
  3948 | D:3      | Found Diupsov's Antique Armour Shop.
  4209 | D:4      | Reached XP level 9. HP: 51/63 MP: 10/10
  4316 | D:4      | Found Apnog's Magic Scroll Emporium.
  4379 | D:4      | Reached skill level 11 in Long Blades
  4388 | D:4      | Demolished by an ogre

Levels and vault maps discovered:
D:1:      elethiomel_arrival_infinity_welcomes_careful_drivers, layout_basic,
          first_ration, minmay_parallelograms, serial_bayou_pond_e,
          minmay_goblin_kobold_house
D:2:      layout_sewer, tgw_xom, lemuel_doored_altar, st_mermaid_room,
          minmay_misc_feat_diagonals, uniq_purgy
D:3:      layout_basic, kennysheep_little_box, serial_shops, kennysheep_mini,
          nicolae_shop_behind_doors, uniq_sigmund, uniq_edmund
D:4:      layout_roguey, zin_statuary, minmay_temple_entry_statues_pillars,
          special_room [special_room_kobold], serial_shops, nicolae_shop_stone,
          shop, kennysheep_mini_moat, hangedman_little_slice_of_home

Skill      XL: |  1  2  3  4  5  6  7  8  9 |
---------------+----------------------------+-----
Fighting       | 3 |  3.1
Long Blades    | 4 5 7 8 10 11 | 11.1
Dodging        | |  2.6
Evocations     | |  2.1

Action                   |  1- 3 |  4- 6 |  7- 9 || total
-------------------------+-------+-------+-------++-------
Melee: Long sword        |    28 |    64 |   154 ||   246
       Unarmed           |     8 |    38 |    91 ||   137
  Use: Potion            |       |       |     1 ||     1
       Scroll            |       |       |     1 ||     1
  Eat: Chunk             |       |     2 |     7 ||     9
       Ration            |       |       |     1 ||     1
Armor: Leather armour    |     2 |     6 |    19 ||    27
Dodge: Dodged            |    14 |    31 |   113 ||   158
       Rpst.: Long sword |     7 |     7 |    25 ||    39
